 Dungeon Crawl Stone Soup version 0.31-a0-702-gf82c85558f (webtiles) character file.

Game seed: 10563854851085940230

184 qw the Shooter (level 5, 0/33 HPs)
             Began as a Gargoyle Hunter on Sept 8, 2023.
             Slain by an orc priest
             ... wielding a +0 club
              (3 damage)
             ... on level 3 of the Dungeon.
             The game lasted 00:00:45 (1605 turns).

qw the Shooter (Gargoyle Hunter)                    Turns: 1605, Time: 00:00:45

Health: 0/33       AC:  9    Str: 14    XL:     5   Next: 63%
Magic:  5/5        EV: 10    Int: 10    God:
Gold:   120        SH:  0    Dex: 15    Spells: 4/4 levels left

rFire   . . .        Y - +1 shortbow
rCold   . . .        (shield currently unavailable)
rNeg    + . .        h - +0 ring mail
rPois   inf          (no helmet)
rElec   +            (no cloak)
rCorr   .            (no gloves)
SInv    .            (no boots)
Will    .....        (no amulet)
Stlth   +            (no ring)
HPRegen 0.25/turn    (no ring)
MPRegen 0.09/turn

%: no passive effects
@: no status effects
A: sickness immunity, AC +4, negative energy resistance 1, electricity
resistance, torment resistance 1, petrification resistance
a: no special abilities


You were on level 3 of the Dungeon.
You visited 1 branch of the dungeon, and saw 3 of its levels.

You collected 169 gold pieces.
You spent 49 gold pieces at shops.


Innate Abilities, Weirdness & Mutations

You are immune to sickness and miasma.
Your stone body is resilient. (AC +4)
You are immune to poison.
You resist negative energy. (rN+)
You are resistant to electric shocks. (rElec)
You are resistant to unholy torment.
You are immune to petrification.


   Skills:
 + Level 3.6 Fighting
 - Level 6.0 Ranged Weapons
 - Level 1.0 Armour
 - Level 1.5 Dodging
 - Level 1.1 Stealth


You had 4 spell levels left.
You didn't know any spells.
Your spell library was empty.

Inventory:

Hand Weapons
 Y - a +1 shortbow (weapon)
Armour
 c - a +0 pair of boots
 h - a +0 ring mail (worn)
 i - a +0 pair of gloves
Scrolls
 g - a scroll of summoning {unknown}
 j - a scroll of revelation {unknown}
Potions
 a - a potion of curing {unknown}
 b - a potion of heal wounds {unknown}
 d - a potion of attraction {unknown}
 e - a potion of magic {unknown}
 f - a potion of degeneration {unknown}

Dungeon Overview and Level Annotations

Branches:
Dungeon (3/15)

Altars:

Shops:
D:3 [


Message History

The arrow hits the orc priest.
The orc priest is heavily wounded.
The orc priest hits you with a +0 club. The hobgoblin hits you.
The goblin closely misses you.
A quokka comes into view.
You shoot an arrow.
The arrow hits the orc priest but does no damage.
The orc priest is heavily wounded.
The orc priest completely misses you. The hobgoblin barely misses you.
The goblin hits you with a +0 club.
A goblin comes into view. It is wielding a +0 club.
The orc priest hits you with a +0 club.
The hobgoblin hits you but does no damage.
The goblin hits you but does no damage.
You shoot an arrow. The goblin shouts!
The arrow hits the orc priest but does no damage.
The orc priest is heavily wounded.
You hear a shout! x3
The orc priest hits you but does no damage.
The hobgoblin hits you but does no damage.
The goblin hits you but does no damage.
You shoot an arrow.
The arrow closely misses the orc priest.
The arrow hits the goblin but does no damage.
The orc priest mumbles some strange prayers to Beogh against you.
Beogh smites you!
The hobgoblin hits you but does no damage.
The goblin barely misses you.
You shoot an arrow.
The arrow hits the orc priest but does no damage.
The orc priest is heavily wounded.
The orc priest invokes the aid of Beogh against you.
Beogh smites you! The hobgoblin misses you.
The goblin hits you but does no damage.
You shoot an arrow. The arrow hits the orc priest.
The orc priest is heavily wounded.
The endoplasm jiggles.
The orc priest hits you with a +0 club.
You die...

#..##...#.##..### #..#### #
###.###.#...##.## #.## #
###..^#..........## #.# ###
....###.##..###...#####.# ####..
.#### #.##.## #...##....####..>.#
.######.##.####...8.....#....####
.................8.8......####
.#####.....####.8gr.8.#)### .#
#..#### #8@go..8#.# .# ###..#
#...8og.8.#.#
####...######.#..8g8.)#.#
#.........(......8gg.#.#
####.#########....##(..# ###..#
####....J.. #...##### ##......%
##.......... ....... ....####>..#


You could see an orc priest, an orc, an endoplasm, a quokka, 2 hobgoblins and 4
goblins.

Vanquished Creatures
  An orc priest (D:3)
  2 orc wizards (D:3)
  4 adders
  A dart slug (D:3)
  6 orcs
  11 bats
  5 endoplasms
  2 giant cockroaches
  2 goblins (D:2)
  6 hobgoblins
  3 quokkas (D:2)
  3 ball pythons
  4 frilled lizards
  6 kobolds
  5 rats (D:1)
61 creatures vanquished.

Notes
Turn   | Place    | Note
-------+----------+-------------------------------------------
     0 | D:1      | qw the Gargoyle Hunter began the quest for the Orb.
     0 | D:1      | Reached XP level 1. HP: 12/12 MP: 1/1
     0 | D:1      | 0 ||| qw: Version: 0.3-a-76-g4403597
     0 | D:1      | 0 ||| qw: Game counter: 1116
     0 | D:1      | 0 ||| qw: Melee chars always use a shield: true
     0 | D:1      | 0 ||| qw: God list: Okawaru
     0 | D:1      | 0 ||| qw: Allow faded altars: false
     0 | D:1      | 0 ||| qw: Do Orc after clearing Dungeon:15 true
     0 | D:1      | 0 ||| qw: Do second Lair branch before Depths: true
     0 | D:1      | 0 ||| qw: Lair rune preference: random
     0 | D:1      | 0 ||| qw: Goals: Normal
     0 | D:1      | 0 ||| PLANNING D:1-11
   167 | D:1      | Reached XP level 2. HP: 17/17 MP: 2/2
   187 | D:1      | 187 ||| DROPPING +0 antimagic sling.
   424 | D:1      | Reached XP level 3. HP: 21/21 MP: 3/3
   651 | D:1      | 651 ||| UPGRADING to +0 ring mail.
   661 | D:1      | 661 ||| DROPPING +0 leather armour.
   662 | D:1      | 662 ||| READING scroll labelled CIORAILUNN.
   663 | D:1      | 663 ||| READING scroll labelled ZECWUV UWNIUBB.
   664 | D:1      | 664 ||| READING scroll labelled ZICOIHYRIR.
   665 | D:1      | 665 ||| DROPPING scroll of butterflies.
   864 | D:2      | Reached skill level 1 in Armour
   899 | D:2      | Reached skill level 5 in Ranged Weapons
   971 | D:2      | Reached XP level 4. HP: 27/27 MP: 4/4
  1279 | D:2      | 1279 ||| READING scroll labelled GEADEG TERIL.
  1312 | D:3      | 1312 ||| RETREATING.
  1315 | D:3      | 1315 ||| Stepping ~*~*~tactically~*~*~ (retreating).
  1329 | D:3      | Reached skill level 3 in Fighting
  1357 | D:3      | Reached XP level 5. HP: 19/32 MP: 5/5
  1448 | D:3      | Found Jafyk's Armour Emporium.
  1467 | D:3      | 1467 ||| BUYING +0 pair of boots (49 gold).
  1467 | D:3      | Bought a +0 pair of boots for 49 gold pieces
  1467 | D:3      | 1467 ||| SHOPLISTING +1 leather armour of cold resistance
                  | (154 gold, have 109).
  1541 | D:3      | Reached skill level 6 in Ranged Weapons
  1604 | D:3      | HP: 2/33 [orc priest/divine providence (10)]
  1605 | D:3      | Slain by an orc priest

Levels and vault maps discovered:
D:1:      eino_arrival_cavern_e, layout_loops_ring, serial_bayou_pond_e
D:2:      kennysheep_big_flooded_room, layout_basic
D:3:      layout_rooms, serial_shops, nicolae_diamond_shop, glass_columns_a,
          roderic_lattice_a, uniq_robin

Skill      XL: |  1  2  3  4  5 |
---------------+----------------+-----
Armour         | 1 |  1.0
Ranged Weapons | 5 6 |  6.0
Fighting       | 3 |  3.6
Dodging        | |  1.5
Stealth        | |  1.1

Action                     |  1- 3 |  4- 6 || total
---------------------------+-------+-------++-------
   Fire: Shortbow          |   103 |    85 ||   188
    Use: Scroll            |     3 |     1 ||     4
 Armour: Leather armour    |    13 |       ||    13
         Ring mail         |    13 |    60 ||    73
  Dodge: Dodged            |    30 |    22 ||    52

Table legend:
 A = Non-vault XP
 B = Vault XP
 C = Vault XP percentage of total XP
 D = Non-vault monster count
 E = Vault monster count
 F = Vault count percentage of total count
                 A         B        C        D         E       F
            +---------+---------+-------+---------+---------+-------
      Total |     244 |      19 |   7.2 |      57 |       4 |   6.6
            +---------+---------+-------+---------+---------+-------
        D:1 |      36 |       0 |   0.0 |      24 |       0 |   0.0
        D:2 |      39 |      15 |  27.8 |      17 |       2 |  10.5
        D:3 |     169 |       4 |   2.3 |      16 |       2 |  11.1
            +---------+---------+-------+---------+---------+-------
